 Dungeon Crawl Stone Soup version 0.28-a0-1520-gc3277d3759 (webtiles) character file.

Game seed: 3198623014052435194

1 kae the Insei (level 1, -2/15 HPs)
             Began as a Demonspawn Transmuter on Jan 17, 2022.
             Slain by a quokka (4 damage)
             ... on level 1 of the Dungeon.
             The game lasted 00:00:06 (48 turns).

kae the Insei (Demonspawn Transmuter)                 Turns: 48, Time: 00:00:07

Health: -2/15      AC:  2    Str: 10    XL:     1   Next: 16%
Magic:  2/3        EV: 12    Int: 14    God:
Gold:   0          SH:  0    Dex: 13    Spells: 3/4 levels left

rFire   . . .      SeeInvis .     - Unarmed
rCold   . . .      Faith    .   (no shield)
rNeg    . . .      Spirit   .   a - +0 robe
rPois   .          Reflect  .   (helmet currently unavailable)
rElec   .          Harm     .   (no cloak)
rCorr   .          Rampage  .   (no gloves)
Will    .....                   (boots currently unavailable)
Stlth   +.........              (no amulet)
HPRegen 0.05/turn               (no ring)
MPRegen 0.08/turn               (no ring)

@: brilliant, appendages
A: horns 2, talons 2
a: End Transformation


You were on level 1 of the Dungeon.
You had temporarily grown beastly horns and talons.
You visited 1 branch of the dungeon, and saw 1 of its levels.

Inventory:

Armour
 a - a +0 robe (worn)
Potions
 b - a potion of brilliance


   Skills:
 + Level 1.0 Fighting
 + Level 1.7 Dodging
 * Level 2.7 Unarmed Combat
 + Level 2.0 Spellcasting
 * Level 1.8 Transmutations


You had 3 spell levels left.
You knew the following spells:

 Your Spells              Type           Power      Damage    Failure   Level
a - Beastly Appendage     Tmut           18%        N/A       12%         1

Your spell library contained the following spells:

 Spells                   Type           Power      Damage    Failure   Level
 Wereblood                Tmut           9%         N/A       17%         2
 Corpse Rot               Necr/Air       4%         N/A       34%         2
 Spider Form              Tmut/Pois      5%         N/A       45%         3
 Ice Form                 Ice/Tmut       5%         N/A       86%         4
 Dispel Undead            Necr           2%         3d7       93%         4
 Death Channel            Necr           1%         N/A       100%        6


Dungeon Overview and Level Annotations

Branches:
Dungeon (1/15)

Altars:


Innate Abilities, Weirdness & Mutations

You have temporarily grown beastly horns and talons.


Message History

A quokka is nearby!
Casting: Beastly Appendage (safe; 12% risk of failure)
Confirm with . or Enter, or press ? or * to list all spells.
You grow a pair of large bovine horns.
Your feet morph into talons. 2 hobgoblins come into view.
The hobgoblin shouts!
A kobold comes into view. It is wielding a +0 whip.
Found a hunting sling, 9 gold pieces and a ring mail.
The hobgoblin shouts!
The kobold shouts!
Your transformation is almost over.
A rat comes into view.
The hobgoblin closely misses you. The quokka misses you.
There are monsters nearby!
You barely miss the hobgoblin. Your headbutt misses the hobgoblin.
The hobgoblin hits you. The quokka barely misses you. The hobgoblin misses you.
You hit the hobgoblin.
You kill the hobgoblin!
The hobgoblin misses you. The quokka bites you.
The kobold hits you with a +0 whip.
* * * LOW HITPOINT WARNING * * *
The quokka bites you.
* * * LOW HITPOINT WARNING * * *
It was a potion of brilliance.
You feel clever all of a sudden.
The quokka bites you but does no damage.
You barely miss the quokka.
Your horns disappear.
Your talons disappear.
The quokka barely misses you.
You hit the quokka but do no damage. The quokka closely misses you.
You barely miss the quokka. The quokka barely misses you.
You miss the quokka.
The quokka bites you but does no damage.
You barely miss the quokka. The quokka closely misses you.
The quokka bites you but does no damage.
Casting: Beastly Appendage (safe; 12% risk of failure)
Confirm with . or Enter, or press ? or * to list all spells.
You feel a surge of power!
You grow a pair of large bovine horns.
Your feet morph into talons.
The quokka bites you.
You die...

...............#
.).............#
...............#
.......†.......#
..............#
#....rK.....##
######g######
#r# #@#######
#.......##
#.##.##..#
##.......#
########.......#
#.....'........#
#..#..##......##
#..#..#####'###
#..<..##.....#


You could see a quokka, a hobgoblin, a kobold and a rat.

Vanquished Creatures
  A hobgoblin (D:1)
1 creature vanquished.

Notes
Turn   | Place    | Note
-------+----------+-------------------------------------------
     0 | D:1      | kae the Demonspawn Transmuter began the quest for the Orb.
     0 | D:1      | Reached XP level 1. HP: 15/15 MP: 3/3
    48 | D:1      | Slain by a quokka

Illustrated notes

Levels and vault maps discovered:
D:1:      dpeg_arrival_rooms_b, layout_rooms,
          hellmonk_ecumenical_altar_watching_god, roderic_lattice_a

Action                   || total
-------------------------++-------
Melee: Unarmed           ||     7
 Cast: Beastly Appendage ||     2
  Use: Potion            ||     1
Armor: Robe              ||     3
Dodge: Dodged            ||     9

Table legend: (Time is in decaauts)
 A = Elapsed time spent in this place.
 B = Non-inter-level travel time spent in this place.
 C = Inter-level travel time spent in this place.
 D = Time resting spent in this place.
 E = Time spent auto-exploring this place.
 F = Levels seen in this place.
 G = Mean time per level.
                   A        B        C        D        E       F      G
               +--------+--------+--------+--------+--------+-----+--------+
         Total |     47 |     47 |      0 |      0 |     27 |   1 |   47.0 |
       Dungeon |     47 |     47 |      0 |      0 |     27 |   1 |   47.0 |
               +--------+--------+--------+--------+--------+-----+--------+

Top non-repeatable levels by time:
     D:1: 47 daAuts
